 Dungeon Crawl Stone Soup version 0.24.0-13-gcf9b319 (webtiles) character file.

Game seed: 6018534320375436171, levelgen mode: deterministic

1352 Balder the Skirmisher (level 8, -3/83 HPs)
             Began as an Ogre Berserker on Nov 25, 2019.
             Was an Elder of Trog.
             Slain by a sky beast (6 damage)
             ... on level 6 of the Dungeon.
             The game lasted 00:20:31 (5904 turns).

Balder the Skirmisher (Ogre Berserker)              Turns: 5904, Time: 00:20:32

Health: -3/83      AC:  5    Str: 22    XL:     8   Next: 63%
Magic:  8/8        EV: 11    Int:  8    God:    Trog [****..]
Gold:   259        SH:  0    Dex: 10    Spells: 7/7 levels left

rFire    . . .     SeeInvis .   F - +0 dire flail (crush)
rCold    . . .     Gourm    .   (shield currently unavailable)
rNeg     . . .     Faith    .   b - +0 animal skin
rPois    .         Spirit   .   (helmet restricted)
rElec    .         Reflect  .   l - +1 cloak
rCorr    .         Harm     .   (gloves unavailable)
MR       .....                  (boots unavailable)
Stlth    +.........             (no amulet)
HPRegen  0.23/turn              (no ring)
MPRegen  0.11/turn              (no ring)

@: no status effects
A: large, unfitting armour, tough skin 1
a: Berserk, Trog's Hand, Brothers in Arms, Renounce Religion


You were on level 6 of the Dungeon.
You worshipped Trog.
Trog was greatly pleased with you.
You were not hungry.

You visited 2 branches of the dungeon, and saw 7 of its levels.
You also visited: Ossuary.

You collected 259 gold pieces.

Inventory:

Hand Weapons
 a - a +0 short sword
 d - a +0 broad axe
 f - a +4 dagger of electrocution
 n - a cursed -2 trident
 p - a +0 spear
 q - a +0 long sword of distortion
 F - a +0 dire flail of crushing (weapon)
Missiles
 h - 57 poisoned darts (quivered)
Armour
 b - a +0 animal skin (worn)
 l - a +1 cloak (worn)
Magical Staves
 D - an uncursed staff of poison {unknown}
Wands
 m - a wand of disintegration (17)
 o - a wand of clouds (5)
Scrolls
 e - 4 scrolls of remove curse
 i - 7 scrolls of identify {unknown}
 j - 2 scrolls of random uselessness {unknown}
 k - 5 scrolls of teleportation {unknown}
 s - 3 scrolls of blinking {unknown}
 t - a scroll of enchant weapon {unknown}
 u - a scroll of immolation {unknown}
 v - a scroll of amnesia {unknown}
 w - 3 scrolls of fear {unknown}
 z - a scroll of magic mapping {unknown}
Potions
 g - a potion of lignification {unknown}
 r - a potion of haste
 B - a potion of magic {unknown}
 C - a potion of degeneration {unknown}
Comestibles
 c - 9 rations


   Skills:
 + Level 6.0 Fighting
 + Level 4.0(4.4) Short Blades
 * Level 2.8(3.8) Long Blades
 * Level 4.5(5.1) Axes
 + Level 3.1(4.1) Maces & Flails
 - Level 1.0(3.0) Polearms
 * Level 3.3 Throwing
 + Level 4.7 Dodging
 + Level 0.3 Stealth


You had 7 spell levels left.
You didn't know any spells.
Your spell library was empty.

Dungeon Overview and Level Annotations

Branches:
Dungeon (6/15)             Temple (1/1) D:4         Ossuary (visited)

Altars:
Ashenzari
Cheibriados
Dithmenos
Elyvilon
Gozag
Hepliaklqana
Kikubaaqudgha
Nemelex Xobeh
Qazlal
Ru
Sif Muna
Trog
Uskayaw
Vehumet
Wu Jian
Xom
Yredelemnul


Innate Abilities, Weirdness & Mutations

You are too large for most types of armour.
You have tough skin. (AC +1)


Message History

A magic dart appears from out of thin air!
The magic dart hits something!
The orc warrior hits you from afar with a +0 halberd.
You miss something. Something hits you. Something shocks you.
* * * LOW HITPOINT WARNING * * *
The orc warrior misses you.
You miss something.
A sky beast appears from thin air!
Reactivating autopickup.
The sky beast hits you but does no damage.
The orc warrior barely misses you. The sky beast closely misses you.
You barely miss the sky beast.
The sky beast is moderately wounded.
The orc warrior hits you from afar with a +0 halberd!
* * * LOW HITPOINT WARNING * * *
The sky beast flickers out of sight!
Deactivating autopickup; reactivate with Ctrl-A.
Something hits you.
* * * LOW HITPOINT WARNING * * *
Something shocks you.
You die...

#### .... .....
.....#######
#..#.......#
#..........#
#.#....o...#
#.#.###{####
#.#..##@### #.##.##...#
#.##.##.#.####
#######.##.##.#....#
#..........##..###.#
#...........##.###...
#.....................
#####..####............
#.....## #............


You could see an orc warrior.

Vanquished Creatures
  Menkaure (D:6)
  Edmund (D:5)
  An ice beast (D:6)
  A black bear (D:6)
  2 ogres (D:6)
  An orc warrior (D:6)
  2 centaurs
  A scorpion (D:5)
  An orc priest (D:6)
  Natasha (twice) (D:3)
  A worker ant (D:4)
  7 big kobold zombies (Ossuary)
  2 mummies
  4 gnolls (D:4)
  6 adders
  3 worms (D:2)
  2 dart slugs
  5 leopard geckos
  4 orcs
  2 spectral bats (Ossuary)
  3 giant cockroaches
  7 goblins
  17 hobgoblins
  2 jackals (D:2)
  2 quokkas (D:6)
  A ball python (D:1)
  7 bats
  3 bat simulacra (Ossuary)
  3 frilled lizards
  3 gnoll zombies (Ossuary)
  A goblin simulacrum (Ossuary)
  7 goblin zombies (Ossuary)
  2 hobgoblin zombies (Ossuary)
  A jackal zombie (D:5)
  7 kobolds (D:1)
  2 kobold simulacra (Ossuary)
  4 kobold zombies
  7 orc zombies
  5 rats
  2 rat simulacra (Ossuary)
  2 spectral goblins (Ossuary)
  3 spectral kobolds (Ossuary)
  2 spectral rats (Ossuary)
142 creatures vanquished.

Notes
Turn   | Place    | Note
-------+----------+-------------------------------------------
     0 | D:1      | Balder the Ogre Berserker began the quest for the Orb.
     0 | D:1      | Reached XP level 1. HP: 24/24 MP: 1/1
    67 | D:1      | Reached XP level 2. HP: 21/32 MP: 2/2
   292 | D:1      | Reached XP level 3. HP: 18/40 MP: 3/3
   375 | D:1      | Reached ** piety under Trog
   907 | D:2      | Reached XP level 4. HP: 32/49 MP: 4/4
  1403 | D:3      | Noticed Natasha
  1421 | D:3      | Killed Natasha
  1421 | D:3      | Reached *** piety under Trog
  1421 | D:3      | Reached skill level 1 in Throwing
  1852 | D:3      | Reached XP level 5. HP: 47/55 MP: 5/5
  1901 | D:3      | Noticed Natasha
  1916 | D:3      | Killed Natasha
  1916 | D:3      | Reached skill level 1 in Polearms
  2126 | D:4      | Reached skill level 5 in Fighting
  2744 | D:4      | Found a radiant altar of Vehumet.
  3011 | D:4      | Found a staircase to the Ecumenical Temple.
  3020 | Temple   | Entered the Ecumenical Temple
  3153 | D:5      | Entered Level 5 of the Dungeon
  3158 | D:5      | Reached XP level 6. HP: 65/66 MP: 6/6
  3448 | D:5      | Found a sand-covered staircase.
  3456 | Ossuary  | Entered an ossuary
  3516 | Ossuary  | Reached skill level 1 in Axes
  3639 | Ossuary  | Reached skill level 1 in Long Blades
  3963 | Ossuary  | Reached **** piety under Trog
  3963 | Ossuary  | Reached XP level 7. HP: 71/72 MP: 7/7
  4084 | D:5      | Noticed Edmund
  4097 | D:5      | Killed Edmund
  5043 | D:6      | Reached skill level 1 in Maces & Flails
  5087 | D:6      | Reached XP level 8. HP: 41/83 MP: 8/8
  5625 | D:6      | Noticed Menkaure
  5637 | D:6      | Killed Menkaure
  5637 | D:6      | Reached skill level 6 in Fighting
  5904 | D:6      | HP: 3/83 [something (3)]
  5904 | D:6      | Slain by a sky beast

Levels and vault maps discovered:
D:1:      saegor_arrival_miasma, layout_basic, minmay_misc_feat_ornament,
          minmay_misc_feat_five
D:2:      layout_rooms
D:3:      layout_basic, uniq_natasha
D:4:      layout_gridville, vehumet_crystals, lemuel_temple_firewalk_a,
          first_ration
D:5:      layout_basic, nicolae_ossuary_entry_giza, uniq_edmund
D:6:      layout_rooms, uniq_menkaure
Temple:   grunt_wide_crystal_templ

Skill      XL: |  1  2  3  4  5  6  7  8 |
---------------+-------------------------+-----
Short Blades   | 3 4 |  4.0
Dodging        | 3 4 |  4.7
Throwing       | 1 2 3 |  3.3
Polearms       | 1 |  1.0
Fighting       | 5 6 |  6.0
Axes           | 2 4 |  4.5
Long Blades    | 1 2 |  2.8
Maces & Flails | 1 3 |  3.1
Stealth        | |  0.3

Action                   |  1- 3 |  4- 6 |  7- 9 || total
-------------------------+-------+-------+-------++-------
Melee: Short sword       |    32 |       |       ||    32
       Dagger            |    81 |    70 |     1 ||   152
       Broad axe         |       |   169 |    48 ||   217
       Dire flail        |       |       |    89 ||    89
       Whip              |       |       |    19 ||    19
Throw: Dart              |     1 |       |       ||     1
Invok: Trog's Hand       |       |     1 |     2 ||     3
       Berserk           |       |       |     2 ||     2
  Use: Potion            |       |     2 |     5 ||     7
       Scroll            |       |       |     3 ||     3
 Stab: Sleeping          |       |     2 |       ||     2
  Eat: Chunk             |       |     7 |     2 ||     9
       Ration            |       |     1 |     3 ||     4
Armor: Animal skin       |    29 |    67 |    53 ||   149
Dodge: Dodged            |    50 |   129 |   130 ||   309
